Map: [ESL] Gresvan

Players

HeroMarine - Winner!

  • Race: Terran Terran
  • Spawn Location: 11:00

Strange

  • Race: Protoss Protoss
  • Spawn Location: 5:00

Event: ESL SC2 Masters 2023 Summer (Regionals)

VOD

Have the link to the VOD?

Description

Time

  • Played on: May 12, 2023, 9:50 a.m.
  • Length: 10:20

All games in this series

Show
View Real Time Build Order
Export as new Build Order

HeroMarine Terran - Winner!

Build Orders:  

Get SALT Encoding   

  12  0:00  SCV  
  13  0:12  SCV  
  14  0:17  Supply Depot  
  14  0:24  SCV  
  15  0:38  SCV  
  15  0:40  Barracks  
  15  0:42  Refinery  
  16  0:50  SCV  
  16  0:52  Refinery  
  17  1:03  SCV  
  18  1:15  SCV  
  19  1:27  Orbital Command, Reaper  
  19  1:28  Supply Depot  
  20  1:42  Factory  
  20  1:52  SCV  
  21  1:59  Barracks Reactor  
  21  2:04  SCV  
  22  2:15  Command Center  
  22  2:16  SCV  
  23  2:25  Hellion  
  23  2:29  SCV  
  26  2:41  SCV  
  26  2:42  Supply Depot  
  29  2:51  Marine x2  
  27  2:52  Widow Mine  
  27  2:54  Starport  
  31  3:03  SCV  
  32  3:09  Marine x2  
  34  3:13  Widow Mine  
  34  3:15  SCV  
  36  3:28  Marine x2, SCV  
  36  3:31  Viking  
  39  3:35  Factory Tech Lab  
  39  3:40  SCV  
  40  3:45  Marine  
  40  3:46  Orbital Command, Marine  
  42  3:52  SCV  
  42  3:54  Cyclone  
  46  4:01  Medivac  
  48  4:03  Marine x2  
  48  4:04  SCV  
  48  4:07  Supply Depot  
  51  4:12  SCV  
  51  4:16  SCV  
  53  4:20  Supply Depot  
  53  4:25  SCV  
  53  4:28  SCV, Cyclone, Marine x2  
  60  4:33  Viking  
  62  4:40  Supply Depot  
  62  4:41  SCV  
  62  4:42  SCV  
  64  4:46  Marine x2  
  64  4:47  Supply Depot  
  66  4:54  SCV x2  
  68  5:02  Siege Tank  
  68  5:04  Marine x2  
  68  5:06  SCV x2  
  73  5:18  SCV x2  
  73  5:20  Viking  
  74  5:22  Marine x2  
  74  5:25  Command Center  
  76  5:29  Supply Depot  
  76  5:37  Siege Tank  
  76  5:40  Marine x2  
  76  5:42  SCV x2  
  82  5:55  Starport Tech Lab  
  82  5:56  SCV x2  
  83  5:57  Marine  
  83  5:58  Marine  
  83  6:02  Barracks x2  
  84  6:08  SCV x2  
  84  6:09  Siege Tank  
  85  6:15  Marine x2  
  85  6:16  Raven  
  87  6:19  Refinery  
  87  6:21  SCV x2  
  87  6:22  Refinery  
  89  6:33  Marine x2, SCV x2  
  87  6:41  Siege Tank  
  87  6:45  SCV x2  
  81  6:51  Barracks x2, Marine x2, Engineering Bay  
  81  6:52  Barracks Tech Lab  
  83  6:57  SCV  
  83  6:58  SCV  
  85  7:02  Stimpack, Marine  
  86  7:08  Starport Reactor  
  86  7:09  Marine x2, SCV  
  86  7:10  SCV  
  86  7:11  Refinery  
  86  7:12  Marine, Refinery  
  86  7:14  Combat Shield  
  86  7:15  Siege Tank  
  94  7:17  Orbital Command  
  94  7:22  SCV x2  
  97  7:23  Terran Infantry Weapons Level 1  
  97  7:26  Marine  
  97  7:27  Marine  
  97  7:29  Supply Depot  
  99  7:31  Supply Depot  
  99  7:34  Marauder x2, SCV x2  
  99  7:35  Missile Turret  
  104  7:38  Missile Turret  
  104  7:39  Missile Turret  
  104  7:44  Marine  
  104  7:45  Medivac, Barracks Reactor, Barracks Tech Lab  
  104  7:46  SCV x2  
  104  7:51  SCV, Siege Tank  
  113  7:52  Bunker  
  113  7:58  SCV x2  
  115  8:02  Supply Depot  
  115  8:03  SCV, Marauder x2  
  115  8:04  Marauder  
  122  8:09  Marine x2  
  122  8:10  SCV  
  122  8:11  Supply Depot  
  125  8:17  SCV x2, Medivac x2, Ghost Academy  
  131  8:24  Supply Depot  
  131  8:25  Marauder x2  
  131  8:26  Marauder, Marine  
  138  8:27  Marine  
  138  8:28  Marine x2  
  138  8:29  Factory Reactor  
  140  8:34  SCV x3  
  142  8:44  Marine  
  142  8:45  Marine x2, Supply Depot  
  142  8:47  Marauder x3  
  151  8:53  Starport  
  151  9:01  Supply Depot  
  151  9:02  Marine  
  151  9:03  Marine  
  151  9:07  Ghost x3  
  159  9:23  Viking x2  
  154  9:27  Command Center  
  154  9:30  Marine x3  
  156  9:36  Marauder  
  156  9:37  Marauder x2  
  156  9:38  Marine  
  163  9:46  Viking x2  
  163  9:47  Marine  
  165  9:52  Engineering Bay  
  165  9:54  Armory  
  165  9:58  Marauder x3  
Show
View Real Time Build Order
Export as new Build Order

Strange Protoss 

Build Orders: 1 Gate Expand, Phoenix Opening, Colossus Rush 

Get SALT Encoding   

  12  0:00  Probe  
  13  0:12  Probe  
  14  0:17  Pylon  
  14  0:24  Probe (Chrono Boost)  
  16  0:36  Probe (Chrono Boost), Gateway  
  16  0:43  Probe (Chrono Boost)  
  16  0:45  Assimilator  
  17  0:51  Probe  
  18  1:03  Probe  
  19  1:15  Probe  
  20  1:21  Nexus  
  20  1:30  Cybernetics Core  
  20  1:32  Probe  
  21  1:37  Assimilator  
  21  1:44  Probe  
  22  1:48  Pylon  
  22  1:57  Probe  
  23  2:03  Adept (Chrono Boost)  
  25  2:09  Probe  
  25  2:15  Stargate  
  26  2:21  Probe  
  27  2:23  Adept (Chrono Boost)  
  29  2:33  Probe x2  
  31  2:38  Warp Gate  
  31  2:45  Probe  
  31  2:46  Probe  
  31  2:47  Adept  
  31  2:48  Pylon  
  35  2:55  Shield Battery  
  35  2:57  Probe  
  36  2:59  Probe  
  36  3:04  Phoenix  
  39  3:09  Probe  
  40  3:16  Probe  
  40  3:22  Probe  
  41  3:29  Probe (Chrono Boost)  
  41  3:33  Phoenix  
  41  3:34  Probe (Chrono Boost)  
  44  3:35  Gateway  
  45  3:42  Probe (Chrono Boost), Robotics Facility  
  45  3:45  Probe (Chrono Boost)  
  45  3:47  Probe (Chrono Boost)  
  47  3:50  Probe (Chrono Boost), Pylon  
  48  3:56  Probe  
  48  3:59  Assimilator  
  48  4:02  Probe, Assimilator  
  50  4:08  Phoenix (Chrono Boost), Probe  
  53  4:17  Probe  
  53  4:21  Probe  
  55  4:26  Phoenix (Chrono Boost), Pylon  
  55  4:29  Probe  
  55  4:31  Observer (Chrono Boost)  
  59  4:35  Probe  
  59  4:37  Robotics Bay  
  60  4:40  Pylon  
  60  4:45  Pylon  
  60  4:49  Immortal (Chrono Boost)  
  64  4:58  Zealot, Sentry  
  68  5:01  Observer  
  68  5:04  Pylon  
  64  5:23  Colossus (Chrono Boost)  
  64  5:25  Probe x2  
  64  5:27  Zealot, Stalker  
  73  5:37  Probe, Pylon  
  73  5:38  Phoenix, Pylon  
  76  5:49  Stalker  
  74  5:54  Stalker  
  76  5:57  Probe x2  
  76  6:02  Gateway  
  76  6:03  Phoenix  
  80  6:05  Gateway  
  80  6:06  Colossus (Chrono Boost)  
  82  6:15  Probe  
  79  6:28  Stalker  
  79  6:29  Phoenix  
  72  6:47  Probe  
  72  6:50  Probe  
  72  6:52  Extended Thermal Lance  
  74  6:54  Phoenix (Chrono Boost), Forge  
  74  6:56  Observer  
  74  6:57  Nexus  
  74  6:59  Probe, Pylon  
  78  7:02  Probe  
  79  7:12  Probe  
  79  7:14  Probe, Pylon  
  79  7:15  Phoenix (Chrono Boost)  
  83  7:22  Shield Battery, Colossus  
  89  7:24  Probe  
  89  7:26  Probe, Pylon  
  89  7:27  Sentry  
  93  7:36  Probe  
  94  7:37  Photon Cannon  
  94  7:38  Phoenix, Probe  
  94  7:43  Photon Cannon  
  97  7:47  Photon Cannon  
  97  7:48  Probe  
  97  7:50  Probe  
  99  7:57  Assimilator x2  
  99  8:00  Probe  
  99  8:03  Probe  
  101  8:11  Probe  
  101  8:12  Probe  
  102  8:13  Fleet Beacon  
  102  8:15  Probe  
  102  8:16  Stargate  
  103  8:20  Pylon  
  103  8:23  Probe, Shield Battery  
  103  8:24  Probe  
  105  8:29  Photon Cannon  
  105  8:34  Shield Battery  
  105  8:43  Stargate, Immortal  
  111  8:49  Photon Cannon  
  111  8:50  Shield Battery  
  111  8:58  Carrier (Chrono Boost)  
  115  9:05  Shield Battery  
  115  9:07  Pylon  
  120  9:11  Carrier (Chrono Boost)  
  120  9:18  Photon Cannon, Shield Battery  
  120  9:22  Stalker x2  
  118  9:31  Stalker  
  115  9:56  Zealot x3  
Tags
 
Add a new tag
Caveats
  • Supply blocks, unpowered buildings, or Contaminate may cause inaccurate times.
  • Supply counts are checked every 10 seconds.